 Dungeon Crawl Stone Soup version 0.31.0-9-g3a7656b989 (webtiles) character file.

Game seed: 4039227104304725080

3796 qw the Skirmisher (level 9, 0/75 HPs)
             Began as a Demigod Hunter on Feb 2, 2024.
             Slain by Erica
             ... wielding a +4 scimitar of flaming
              (1 damage)
             ... on level 8 of the Dungeon.
             The game lasted 00:00:34 (6513 turns).

qw the Skirmisher (Demigod Hunter)                  Turns: 6513, Time: 00:00:35

Health: 0/75       AC: 15    Str: 10    XL:     9   Next: 64%
Magic:  11/11      EV: 17    Int: 11    God:
Gold:   171        SH:  0    Dex: 35    Spells: 8/8 levels left

rFire   . . .        o - +1 orcbow
rCold   . . .        (shield currently unavailable)
rNeg    . . .        a - +3 leather armour {Will+}
rPois   +            (no helmet)
rElec   .            (no cloak)
rCorr   .            e - +2 pair of gloves
SInv    .            d - +1 pair of boots {rampage}
Will    +....        (no amulet)
Stlth   +++          t - +6 ring of dexterity
HPRegen 0.32/turn    c - +4 ring of protection
MPRegen 0.12/turn

%: clarity, rampage
@: lethally poisoned (0 -> -12), about to teleport, constricted
A: high MP 1, forlorn, divine attributes, clarity, poison resistance, weak 1
a: no special abilities


You were on level 8 of the Dungeon.
You visited 1 branch of the dungeon, and saw 8 of its levels.

You collected 600 gold pieces.
You spent 429 gold pieces at shops.


Innate Abilities, Weirdness & Mutations

You have an increased reservoir of magic. (+10% MP)
You shall have no god before yourself.
Your divine heritage dramatically boosts your attributes as you level up.
You possess an exceptional clarity of mind.
Your system is resistant to poisons. (rPois)
You are weak. (Str -2)


   Skills:
 + Level 5.9 Fighting
 - Level 10.0 Ranged Weapons
 - Level 2.0 Armour
 - Level 7.2 Dodging
 - Level 0.8 Stealth


You had 8 spell levels left.
You didn't know any spells.
Your spell library was empty.

Inventory:

Hand Weapons
 o - a +1 orcbow (weapon)
Armour
 a - a +3 leather armour of willpower (worn)
 d - a +1 pair of boots of rampaging (worn)
 e - a +2 pair of gloves (worn)
Jewellery
 c - a +4 ring of protection (right hand)
 i - a ring of fire
 t - a +6 ring of dexterity (left hand)
Wands
 b - a wand of digging (5)
 p - a wand of roots (15)
Scrolls
 m - 4 scrolls of identify
 s - a scroll of teleportation
Potions
 g - 5 potions of curing
 j - 2 potions of enlightenment
 k - 3 potions of resistance
 l - 2 potions of might
 q - 2 potions of mutation

Dungeon Overview and Level Annotations

Branches:
Dungeon (8/15)             Temple (0/1) D:4
   Lair: D:8-11

Shops:
D:5 (*!

Annotations:
D:8 Erica, Gastronok, Grum


Message History

Erica burns you. Erica constricts you. The kobold brigand closely misses you.
You shoot an arrow. The arrow hits Erica!
Erica is almost dead.
Erica mumbles some strange words.
Erica flickers and vanishes!
Deactivating autopickup; reactivate with Ctrl-A.
You are constricted.
The kobold brigand closely misses you.
You shoot an arrow.
The arrow barely misses the kobold brigand.
The kobold brigand misses you.
You hear some strange, mumbled words.
Something tries to affect you, but you resist.
You are constricted.
You shoot an arrow.
The arrow hits the kobold brigand but does no damage.
The kobold brigand is severely wounded.
Something hits you! Something burns you.
You are constricted.
The kobold brigand completely misses you.
You shoot an arrow.
The arrow closely misses the kobold brigand.
Something hits you. Something burns you.
You are constricted.
The kobold brigand barely misses you.
You shoot an arrow. The arrow hits the kobold brigand.
The kobold brigand is almost dead.
Something hits you. Something burns you.
You are constricted.
The kobold brigand barely misses you.
6512 ||| READING 2 scrolls of teleportation.
As you read the scroll of teleportation, it crumbles to dust.
You feel strangely unstable.
You hear some strange, mumbled words.
A bolt of poison appears from out of thin air!
The bolt of poison hits you.
You are lethally poisoned!
You resist.
You are constricted.
The kobold brigand completely misses you.
You shoot an arrow. The arrow hits the kobold brigand!
You kill the kobold brigand!
You feel very sick. Something hits you. Something burns you.
You die...

# # #.#)## #
#.).. #...#
##)..# #<)..
##..> #.){#
#@# #.# #.#
#.#### #....##
#.....##
#......#
#......#
#~~~~#......##


There were no monsters in sight!

Vanquished Creatures
  Pikel (D:5)
  Joseph (D:7)
  Maggie (D:7)
  Sigmund (D:5)
  A shadow (D:6)
  3 yaks (D:8)
  3 ice beasts
  A black bear (D:6)
  An ogre (D:6)
  A sky beast (D:7)
  2 wolves (D:8)
  A phantom (D:6)
  3 centaurs
  2 lemures (D:6)
  A kobold brigand (D:8)
  4 scorpions
  A howler monkey (D:6)
  3 jellies
  A hound (D:7)
  4 gnoll boudas
  A sleepcap (D:6)
  Ijyb (D:3)
  4 iguanas
  3 orc wizards
  A mummy (D:7)
  14 gnolls
  3 adders
  4 shadow imps
  4 ribbon worms
  A dart slug (D:1)
  20 orcs
  10 ball pythons
  6 endoplasms
  5 giant cockroaches
  3 goblins
  3 hobgoblins
  2 jackals (D:1)
  5 quokkas
  3 bats
  2 frilled lizards
  16 kobolds
  7 rats
154 creatures vanquished.

Notes
Turn   | Place    | Note
-------+----------+-------------------------------------------
     0 | D:1      | qw the Demigod Hunter began the quest for the Orb.
     0 | D:1      | Reached XP level 1. HP: 17/17 MP: 3/3
     0 | D:1      | 0 ||| qw: Version: 0.3-a-155-g5e7d8dd
     0 | D:1      | 0 ||| qw: Game counter: 374
     0 | D:1      | 0 ||| qw: Melee chars always use a shield: true
     0 | D:1      | 0 ||| qw: God list: Okawaru
     0 | D:1      | 0 ||| qw: Allow faded altars: false
     0 | D:1      | 0 ||| qw: Do Orc after clearing Dungeon:15 true
     0 | D:1      | 0 ||| qw: Do second Lair branch before Depths: true
     0 | D:1      | 0 ||| qw: Lair rune preference: random
     0 | D:1      | 0 ||| qw: Goals: Normal
     0 | D:1      | 0 ||| PLANNING D:1-11
   110 | D:1      | Reached skill level 4 in Ranged Weapons
   144 | D:1      | Reached XP level 2. HP: 24/24 MP: 4/4
   716 | D:1      | Reached XP level 3. HP: 29/29 MP: 5/5
   856 | D:1      | 856 ||| UPGRADING to +0 ring mail.
   866 | D:1      | 866 ||| DROPPING +0 leather armour.
   867 | D:1      | 867 ||| UPGRADING to +6 ring of strength.
   868 | D:1      | 868 ||| READING scroll labelled FUWEIF XASEMO.
   868 | D:1      | 868 ||| ENCHANTING +0 shortbow.
   869 | D:1      | 869 ||| READING scroll labelled BESUAJIYWK.
   869 | D:1      | 869 ||| IDENTIFYING ruby potion
   870 | D:1      | 870 ||| DRINKING 2 golden potions.
   871 | D:1      | 871 ||| DROPPING scroll of butterflies.
   872 | D:1      | 872 ||| DROPPING potion of magic.
  1423 | D:2      | 1423 ||| UPGRADING to +1 pair of gloves.
  1428 | D:2      | 1428 ||| DROPPING ring of magical power.
  1429 | D:2      | 1429 ||| READING scroll of identify.
  1429 | D:2      | 1429 ||| IDENTIFYING lumpy puce potion
  1430 | D:2      | 1430 ||| READING scroll labelled UTSIDINIRPH.
  1430 | D:2      | 1430 ||| ENCHANTING +0 shortbow.
  1431 | D:2      | 1431 ||| READING 2 scrolls labelled AHEG NEXTOFATT.
  1436 | D:2      | 1436 ||| READING scroll labelled DORUSCH PUIRI.
  1437 | D:2      | 1437 ||| DROPPING potion of degeneration.
  1615 | D:3      | Noticed Ijyb
  1623 | D:3      | HP: 6/29 [constriction (5)]
  1624 | D:3      | 1624 ||| READING scroll of teleportation.
  2046 | D:3      | HP: 7/29 [constriction (3)]
  2048 | D:3      | HP: 3/29 [constriction (4)]
  2050 | D:3      | Killed Ijyb
  2051 | D:3      | Reached skill level 5 in Ranged Weapons
  2051 | D:3      | Reached XP level 4. HP: 3/36 MP: 6/6
  2203 | D:3      | 2203 ||| UPGRADING to +1 pair of boots of rampaging.
  2208 | D:3      | 2208 ||| UPGRADING to ring of resist corrosion.
  2209 | D:3      | 2209 ||| READING scroll labelled GUWKAUBRUMP.
  2210 | D:3      | 2210 ||| READING scroll labelled TINTECVEIN.
  2211 | D:3      | 2211 ||| DRINKING 2 bubbling puce potions.
  2212 | D:3      | 2212 ||| DRINKING 2 green potions.
  2213 | D:3      | 2213 ||| DRINKING 2 sedimented ruby potions.
  2214 | D:3      | 2214 ||| DROPPING potion of brilliance.
  2473 | D:4      | Identified the +1 leather armour of the Garden {rCorr
                  | Str+3}
  2494 | D:4      | Reached XP level 5. HP: 41/41 MP: 7/7
  2634 | D:4      | Found a staircase to the Ecumenical Temple.
  2856 | D:4      | Reached skill level 6 in Ranged Weapons
  3154 | D:4      | 3154 ||| UPGRADING to +1 leather armour of the Garden
                  | {rCorr Str+3}.
  3164 | D:4      | 3164 ||| REMOVING ring of resist corrosion.
  3165 | D:4      | 3165 ||| DROPPING +0 ring mail.
  3166 | D:4      | 3166 ||| UPGRADING to ring of positive energy.
  3167 | D:4      | 3167 ||| DROPPING ring of resist corrosion.
  3168 | D:4      | 3168 ||| UPGRADING to +4 ring of protection.
  3170 | D:4      | 3170 ||| UPGRADING to +6 ring of dexterity.
  3172 | D:4      | 3172 ||| UPGRADING to +6 ring of strength.
  3174 | D:4      | 3174 ||| UPGRADING to +4 ring of protection.
  3176 | D:4      | 3176 ||| DROPPING ring of positive energy.
  3177 | D:4      | 3177 ||| DROPPING +6 ring of strength.
  3178 | D:4      | 3178 ||| DRINKING 3 glowing purple potions.
  3179 | D:4      | 3179 ||| DRINKING 2 cyan potions.
  3180 | D:4      | 3180 ||| DRINKING 2 metallic ruby potions.
  3180 | D:4      | Gained mutation: You possess an exceptional clarity of
                  | mind. [potion of mutation]
  3180 | D:4      | Gained mutation: You occasionally lose the ability to drink
                  | potions when taking damage. [potion of mutation]
  3180 | D:4      | Gained mutation: Your natural rate of healing is unusually
                  | fast. [potion of mutation]
  3181 | D:4      | 3181 ||| DRINKING potion of mutation.
  3181 | D:4      | Lost mutation: You occasionally lose the ability to drink
                  | potions when taking damage. [potion of mutation]
  3181 | D:4      | Lost mutation: You possess an exceptional clarity of mind.
                  | [potion of mutation]
  3181 | D:4      | Lost mutation: Your natural rate of healing is unusually
                  | fast. [potion of mutation]
  3181 | D:4      | Gained mutation: You occasionally lose the ability to drink
                  | potions when taking damage. [potion of mutation]
  3182 | D:4      | 3182 ||| DROPPING 2 potions of attraction.
  3215 | D:5      | Entered Level 5 of the Dungeon
  3215 | D:5      | Noticed Sigmund
  3215 | D:5      | Found Syrourao's Antique Weapon Emporium.
  3216 | D:5      | 3216 ||| STAIRDANCE
  3244 | D:5      | 3244 ||| STAIRDANCE
  3250 | D:4      | Reached XP level 6. HP: 50/50 MP: 8/8
  3252 | D:5      | 3252 ||| STAIRDANCE
  3265 | D:5      | 3265 ||| STAIRDANCE
  3287 | D:5      | 3287 ||| STAIRDANCE
  3289 | D:5      | 3289 ||| STAIRDANCE
  3291 | D:4      | 3291 ||| DRINKING potion of curing.
  3291 | D:4      | 3291 ||| (to cure confusion)
  3297 | D:5      | Killed Sigmund
  3298 | D:5      | Reached skill level 3 in Dodging
  3432 | D:5      | Reached skill level 3 in Fighting
  3454 | D:5      | Found Sozxas's General Store.
  3464 | D:5      | 3464 ||| SHOPLISTING +5 ring of evasion (468 gold, have
                  | 414).
  3464 | D:5      | 3464 ||| SHOPLISTING +6 sling of Rierublu {freeze, Fly
                  | rPois rF++ Will-} (770 gold, have 414).
  3464 | D:5      | 3464 ||| BUYING potion of curing (39 gold).
  3464 | D:5      | Bought a potion of curing for 39 gold pieces
  3464 | D:5      | 3464 ||| BUYING scroll of identify (26 gold).
  3464 | D:5      | Bought a scroll of identify for 26 gold pieces
  3488 | D:5      | Reached XP level 7. HP: 47/57 MP: 9/9
  3526 | D:5      | Noticed an angel
  3898 | D:5      | Reached skill level 7 in Ranged Weapons
  3992 | D:5      | Found Micrusku's Distillery.
  3997 | D:5      | 3997 ||| BUYING potion of curing (39 gold).
  3997 | D:5      | Bought a potion of curing for 39 gold pieces
  3997 | D:5      | 3997 ||| BUYING potion of curing (39 gold).
  3997 | D:5      | Bought a potion of curing for 39 gold pieces
  3997 | D:5      | 3997 ||| BUYING potion of might (52 gold).
  3997 | D:5      | Bought a potion of might for 52 gold pieces
  3997 | D:5      | 3997 ||| BUYING potion of mutation (104 gold).
  3997 | D:5      | Bought a potion of mutation for 104 gold pieces
  3997 | D:5      | 3997 ||| BUYING potion of resistance (130 gold).
  3997 | D:5      | Bought a potion of resistance for 130 gold pieces
  4097 | D:5      | 4097 ||| DRINKING potion of mutation.
  4097 | D:5      | Lost mutation: You occasionally lose the ability to drink
                  | potions when taking damage. [potion of mutation]
  4097 | D:5      | Gained mutation: Your system is resistant to poisons.
                  | (rPois) [potion of mutation]
  4097 | D:5      | Gained mutation: You possess an exceptional clarity of
                  | mind. [potion of mutation]
  4097 | D:5      | Gained mutation: You are weak. (Str -2) [potion of
                  | mutation]
  4209 | D:5      | 4209 ||| READING 3 scrolls of identify.
  4209 | D:5      | 4209 ||| IDENTIFYING orange potion
  4210 | D:5      | 4210 ||| READING 2 scrolls of identify.
  4210 | D:5      | 4210 ||| IDENTIFYING scroll labelled GIRAPS ARHUNOE
  4211 | D:5      | 4211 ||| READING scroll of identify.
  4211 | D:5      | 4211 ||| IDENTIFYING scroll labelled CUNWEJ INAAFF
  4212 | D:5      | 4212 ||| DROPPING scroll of immolation.
  4213 | D:5      | 4213 ||| DROPPING scroll of fog.
  4272 | D:6      | 4272 ||| STAIRDANCE
  4325 | D:6      | Noticed Pikel
  4327 | D:6      | 4327 ||| RETREEEEATING.
  4328 | D:6      | 4328 ||| STAIRDANCE
  4391 | D:6      | 4391 ||| DRINKING potion of haste.
  4397 | D:6      | 4397 ||| STAIRDANCE
  4404 | D:5      | Killed Pikel
  4405 | D:5      | Reached skill level 8 in Ranged Weapons
  4405 | D:5      | Reached XP level 8. HP: 52/63 MP: 10/10
  4757 | D:6      | Reached skill level 9 in Ranged Weapons
  4921 | D:6      | 4921 ||| SWAPPING to +0 orcbow.
  4922 | D:6      | 4922 ||| DROPPING +1 shortbow.
  4964 | D:6      | 4964 ||| READING scroll of enchant weapon.
  4964 | D:6      | 4964 ||| ENCHANTING +0 orcbow.
  5209 | D:7      | 5209 ||| PLANNING OSSUARY
  5214 | D:7      | 5214 ||| STAIRDANCE
  5224 | D:7      | 5224 ||| STAIRDANCE
  5230 | D:7      | 5230 ||| STAIRDANCE
  5230 | D:7      | Noticed Joseph
  5237 | D:7      | 5237 ||| STAIRDANCE
  5241 | D:7      | 5241 ||| STAIRDANCE
  5387 | D:7      | 5387 ||| STAIRDANCE
  5441 | D:7      | 5441 ||| STAIRDANCE
  5505 | D:7      | 5505 ||| ZAPPING wand of light (10) at 3,3 (Joseph; floor).
  5506 | D:7      | 5506 ||| ZAPPING wand of light (9) at 3,3 (Joseph; floor).
  5507 | D:7      | 5507 ||| ZAPPING wand of light (8) at 3,3 (Joseph; floor).
  5508 | D:7      | 5508 ||| ZAPPING wand of light (7) at 3,3 (Joseph; floor).
  5509 | D:7      | 5509 ||| ZAPPING wand of light (6) at 3,3 (Joseph; floor).
  5510 | D:7      | 5510 ||| ZAPPING wand of light (5) at 2,2 (Joseph; floor).
  5511 | D:7      | 5511 ||| ZAPPING wand of light (4) at 2,2 (Joseph; floor).
  5512 | D:7      | 5512 ||| ZAPPING wand of light (3) at 1,1 (Joseph; floor).
  5512 | D:7      | Killed Joseph
  5513 | D:7      | Reached skill level 6 in Dodging
  5513 | D:7      | Reached XP level 9. HP: 74/74 MP: 11/11
  5542 | D:7      | Noticed Maggie
  5544 | D:7      | 5544 ||| RETREEEEATING.
  5546 | D:7      | 5546 ||| ZAPPING wand of light (2) at 5,4 (Maggie; floor).
  5548 | D:7      | 5548 ||| RETREEEEATING.
  5549 | D:7      | 5549 ||| RETREEEEATING.
  5551 | D:7      | 5551 ||| ZAPPING wand of light (1) at 2,1 (Maggie; floor).
  5552 | D:7      | 5552 ||| RETREEEEATING.
  5555 | D:7      | 5555 ||| RETREEEEATING.
  5567 | D:7      | Killed Maggie
  5637 | D:7      | Identified the +4 scimitar of Haehu {holy, rPois}
  5719 | D:7      | 5719 ||| READING scroll of enchant armour.
  5719 | D:7      | 5719 ||| ENCHANTING +1 pair of gloves.
  5868 | D:7      | 5868 ||| RIP OSSUARY
  5907 | D:7      | 5907 ||| PLANNING D:1-11
  5907 | D:7      | 5907 ||| UPGRADING to +3 leather armour of willpower.
  5917 | D:7      | 5917 ||| DROPPING +1 leather armour of the Garden {rCorr
                  | Str+3}.
  5918 | D:7      | 5918 ||| DROPPING ring of wizardry.
  5919 | D:7      | 5919 ||| DROPPING wand of flame (20).
  6016 | D:7      | Reached skill level 10 in Ranged Weapons
  6214 | D:8      | Noticed Gastronok
  6223 | D:8      | Noticed Grum
  6233 | D:8      | HP: 17/75 [Grum/+1 antimagic halberd (13)]
  6234 | D:8      | 6234 ||| READING 3 scrolls of teleportation.
  6489 | D:8      | Noticed Erica
  6511 | D:8      | HP: 17/75 [something (2)]
  6512 | D:8      | 6512 ||| READING 2 scrolls of teleportation.
  6513 | D:8      | HP: 6/75 [poisoned by Erica (bolt of poison)]
  6513 | D:8      | HP: 1/75 [something (5)]
  6513 | D:8      | Slain by Erica

Levels and vault maps discovered:
D:1:      wander_arrival_chamber, layout_basic
D:2:      layout_basic
D:3:      layout_rooms, mainiacjoe_overflow_tiny_flanked, kennysheep_path_1,
          supply_closet_lemuel, st_stairs_8, uniq_ijyb
D:4:      kennysheep_six_static_rooms, layout_loops_ring,
          mainiacjoe_overflow_24_doors, nemelex_spade_bored_becter,
          minmay_temple_entry_statues_fountains,
          hangedman_abyss_or_decor_stagger, kennysheep_flooded_box
D:5:      layout_loops_ring, grunt_qazlal_clouds, zin_angel, serial_shops,
          kennysheep_little_box, shop, shop, hangedman_abyss_or_decor_passed,
          uniq_sigmund
D:6:      layout_loops_ring, nicolae_overflow_hidden_temple,
          grunt_decor_resistance, uniq_pikel
D:7:      layout_rooms, mainiacjoe_overflow_brackets, gup_ossuary_entry_pyramid,
          serial_glass, glass_columns_a, glass_columns_b, uniq_maggie,
          uniq_joseph
D:8:      layout_rooms, cheibriados_altar_1, nicolae_uskayaw_suspiria,
          nicolae_overflow_crystal_walls, serial_rivers,
          chequers_serial_rivers_small_b, chequers_serial_rivers_large_b,
          chequers_serial_rivers_room_b, chequers_serial_rivers_micro_b,
          chequers_serial_rivers_room_b, chequers_serial_rivers_large_a,
          dk_noncrumbling_4, uniq_grum, uniq_gastronok, uniq_erica

Skill      XL: |  1  2  3  4  5  6  7  8  9 |
---------------+----------------------------+-----
Ranged Weapons | 4 5 6 8 9 10 | 10.0
Fighting       | 2 3 5 |  5.9
Dodging        | 2 4 6 7 |  7.2
Armour         | 2 |  2.0
Stealth        | |  0.8

Action                     |  1- 3 |  4- 6 |  7- 9 || total
---------------------------+-------+-------+-------++-------
   Fire: Shortbow          |   158 |   144 |   129 ||   431
         Orcbow            |       |       |   157 ||   157
  Evoke: Wand              |       |       |    10 ||    10
    Use: Scroll            |     7 |     2 |     7 ||    16
         Potion            |     1 |     8 |     2 ||    11
 Armour: Leather armour    |    13 |    16 |    81 ||   110
         Ring mail         |    27 |    24 |       ||    51
  Dodge: Dodged            |    33 |    42 |   121 ||   196

Table legend:
 A = Non-vault XP
 B = Vault XP
 C = Vault XP percentage of total XP
 D = Non-vault monster count
 E = Vault monster count
 F = Vault count percentage of total count
                 A         B        C        D         E       F
            +---------+---------+-------+---------+---------+-------
      Total |    3507 |    2012 |  36.5 |     137 |      15 |   9.9
            +---------+---------+-------+---------+---------+-------
        D:1 |      50 |       0 |   0.0 |      29 |       0 |   0.0
        D:2 |      14 |       0 |   0.0 |       9 |       0 |   0.0
        D:3 |      36 |      37 |  50.7 |      16 |       2 |  11.1
        D:4 |     238 |      96 |  28.7 |      19 |       6 |  24.0
        D:5 |     619 |     819 |  57.0 |      18 |       2 |  10.0
        D:6 |    1207 |       0 |   0.0 |      20 |       0 |   0.0
        D:7 |     457 |     820 |  64.2 |      14 |       3 |  17.6
        D:8 |     886 |     240 |  21.3 |      12 |       2 |  14.3
            +---------+---------+-------+---------+---------+-------
